[ AOE2 MATCH · #476380946 ]
UnrankedBurgundians vs Tupi
Rival team · LOSS
[ REPLAY ANALYSIS · EXTRACTED FROM THE RECORDED GAME ]
Feudal
—
Castle
—
Imperial
—
| APM avg | 49.9 |
| APM peak | 60 |
| eAPM avg | 23.7 |
| Villagers / military | 13 / 0 |
Focus
⚔️ 28.7% · 🌾 71.3%
Feudal
—
Castle
—
Imperial
—
| APM avg | 49.2 |
| APM peak | 84 |
| eAPM avg | 19.6 |
| Villagers / military | 16 / 0 |
Focus
⚔️ 12.8% · 🌾 87.2%
Unknown (2550) ×1
Match map
Initial resources + every placement click. Lines = walls · curves = elevation contours. ◆ gold · ⬟ stone · ● berries · ✦ relic · ◌ wall gap
Your base
little's base
Smoothed initial terrain · ◌ = detected wall gap · hover for details
Inputs per minute
— Estudasses - - little
Build order — Estudasses
18 actions detected in the replay
| 0:00 | Create | Villager (Male) |
| 0:01 | Build | House |
| 0:02 | Build | House |
| 0:08 | Create | Villager (Male) |
| 0:09 | Create | Villager (Male) |
| 0:22 | Create | Villager (Male) |
| 0:22 | Create | Villager (Male) |
| 1:27 | Create | Villager (Male) |
| 1:27 | Create | Villager (Male) |
| 1:51 | Build | Lumber Camp |
| 1:58 | Create | Villager (Male) |
| 2:28 | Create | Villager (Male) |
| 3:01 | Build | House |
| 3:03 | Create | Villager (Male) |
| 3:11 | Create | Villager (Male) |
| 3:34 | Research | Double-Bit Axe |
| 3:52 | Create | Villager (Male) |
| 4:20 | Create | Villager (Male) |
Build order — little
21 actions detected in the replay
| 0:01 | Create | Villager (Male) |
| 0:02 | Build | House |
| 0:03 | Build | House |
| 0:08 | Create | Villager (Male) |
| 0:08 | Create | Villager (Male) |
| 0:08 | Create | Villager (Male) |
| 0:09 | Create | Villager (Male) |
| 1:36 | Create | Villager (Male) |
| 1:36 | Create | Villager (Male) |
| 1:36 | Create | Villager (Male) |
| 1:59 | Create | Villager (Male) |
| 2:00 | Create | Villager (Male) |
| 2:13 | Build | Barracks |
| 2:41 | Create | Villager (Male) |
| 2:42 | Create | Villager (Male) |
| 2:42 | Create | Villager (Male) |
| 2:42 | Create | Villager (Male) |
| 3:40 | Create | Villager (Male) |
| 3:49 | Build | House |
| 3:51 | Create | Unit 2550 |
| 4:09 | Create | Villager (Male) |
Match timeline
| 2:13 | little · first_building Barracks |
| 4:23 | little · resign |
[ AI ANALYSIS · 1 CREDIT ]
What really happened in this match?
Wolo.gg analyzes every decision: build order, eco, micro, common mistakes by bracket. Personalized analysis on WhatsApp or Discord in 30 seconds.
Civ guide
Burgundians
Perfil
Jugador #1762749